 Dungeon Crawl Stone Soup version 0.17-a0-1647-gb11a595 (webtiles) character file.

112 Sachiko the Charmwright (level 4, 0/40 HPs)
             Began as a Naga Skald on Aug 12, 2015.
             Killed by divine providence
             ... invoked by an orc priest
              (16 damage)
             ... on level 3 of the Dungeon.
             The game lasted 00:08:49 (2277 turns).

Sachiko the Charmwright (Naga Skald)                Turns: 2277, Time: 00:08:49

Health: 0/40       AC:  6    Str: 16    XL:     4   Next: 95%
Magic:  7/7        EV:  9    Int: 12    God:
Gold:   114        SH:  0    Dex: 10    Spells: 1 memorised, 6 levels left

rFire  . . .     SeeInvis +     a - +1 spear
rCold  . . .     Clarity  .     b - +0 leather armour
rNeg   . . .     SustAt   .     (no shield)
rPois  +         Gourm    .     (no helmet)
rElec  .         Spirit   .     f - +1 cloak
rCorr  .         Warding  .     h - +1 pair of gloves
rMut   .         Stasis   .     (no barding)
MR     .....                    (no amulet)
Stlth  ..........               (no ring)
                                i - ring of loudness

@: very slow, not resistant to hostile enchantments, extremely unstealthy
A: see invisible, deformed body, poison resistance, slowness 2, slow metabolism
1, spit poison 2, AC +1
a: Spit Poison


You were on level 3 of the Dungeon.
You were not hungry.

You visited 1 branch of the dungeon, and saw 3 of its levels.

You collected 114 gold pieces.

Inventory:

Hand weapons
 a - a +1 spear (weapon)
Armour
 b - a +0 leather armour (worn)
 f - a +1 cloak (worn)
 h - a +1 pair of gloves (worn)
Jewellery
 i - a ring of loudness (left hand)
Scrolls
 e - a scroll of teleportation
 k - a scroll of recharging {unknown}
 m - a scroll of identify
Potions
 g - 2 potions of agility {unknown}
 l - 3 potions of heal wounds
 o - a potion of beneficial mutation {unknown}
 p - a potion of magic {unknown}
 q - a potion of haste {unknown}
Books
 c - a book of Battle

   Spells                             Type                      Level
   a - Infusion                       Charms                       1
   b - Shroud of Golubria             Charms/Translocation         2
   c - Song of Slaying                Charms                       2
   d - Spectral Weapon                Hexes/Charms                 3
   e - Regeneration                   Charms/Necromancy            3
Comestibles
 d - 4 bread rations
 j - 2 fruits
 n - 2 chunks of flesh


   Skills:
 + Level 2.6 Fighting
 + Level 2.6 Polearms
 - Level 0.7 Armour
 + Level 1.9 Dodging
 + Level 0.9 Stealth
 + Level 2.3 Spellcasting
 + Level 3.7 Charms


You had 6 spell levels left.
You knew the following spells:

 Your Spells              Type           Power        Failure   Level  Hunger
a - Infusion              Chrm           ##....       10%         1    ##.....


Dungeon Overview and Level Annotations

Branches:
Dungeon (3/15)

Altars:
Okawaru


Innate Abilities, Weirdness & Mutations

You cannot wear boots.
Your serpentine skin is tough (AC +1).
You have supernaturally acute eyesight.
Armour fits poorly on your strangely shaped body.
Your system is resistant to poisons.
You cover ground very slowly.
You have a slow metabolism.
You can spit poison.


Message History

The orc wizard shouts!
An orc comes into view. It is wielding a mace.
The orc shouts!
The orc wizard miscasts a cantrip.
A worker ant and an orc come into view.
The orc shouts!
The worker ant twitches its antennae in your direction.
Found a potion of ambrosia.
The worker ant moves out of view.
An orc priest comes into view. It is wielding a mace.
The orc priest shouts!
You hit the orc but do no damage.
The orc priest moves out of view.
The orc priest calls down the wrath of Beogh upon you.
Something smites you!
The orc wizard points at you and mumbles some strange words.
The magic dart hits you! The orc hits you but does no damage.
The orc hits you with a mace.
The orc priest mumbles some strange prayers to Beogh against you.
Something smites you!
You die...

##.#.#.## #.#
##.##.#..#########.#
...................#
##.##.##.########..#
##.#.#.## #..#
##...## #..# ##.##
#..# #.# #######..#
#.# #..!..@o.# #.#
#.#####o## #.# #.#
#.# #o# ..# #a# .o.
..# ###


You could see a worker ant, an orc priest, an orc wizard and 2 orcs.

Vanquished Creatures
  Jessica (D:2)
  5 adders (D:2)
  2 worms (D:2)
  2 giant geckos
  A giant cockroach (D:1)
  5 goblins
  5 hobgoblins
  2 kobolds
  2 quokkas (D:2)
  3 ball pythons
  7 bats
  3 giant newts
  7 rats
45 creatures vanquished.

Notes
Turn   | Place    | Note
--------------------------------------------------------------
     0 | D:1      | Sachiko the Naga Skald began the quest for the Orb.
     0 | D:1      | Reached XP level 1. HP: 19/19 MP: 3/3
   267 | D:1      | Reached XP level 2. HP: 24/26 MP: 5/5
   691 | D:1      | Found an iron altar of Okawaru.
  1091 | D:2      | Reached skill level 1 in Dodging
  1091 | D:2      | Reached XP level 3. HP: 22/32 MP: 6/6
  1511 | D:2      | Reached XP level 4. HP: 26/39 MP: 7/7
  2128 | D:2      | Noticed Jessica
  2131 | D:2      | Killed Jessica
  2277 | D:3      | Killed from afar by an orc priest

Vault maps used:
D:1:      dpeg_arrival_subterranean_lakeside_camping,
          hangedman_decor_diamond_cutter, st_stairs_4, okawaru_ov_weapons_minmay
D:2:      first_bread, uniq_jessica

Action                   |  1- 3 |  4- 6 || total
-------------------------+-------+-------++-------
Melee: Spear             |   119 |    68 ||   187
 Cast: Infusion          |     4 |       ||     4
 Abil: Spit Poison       |     1 |     1 ||     2
  Use: Scroll            |     7 |       ||     7
       Potion            |     4 |       ||     4
 Stab: Invisible         |     1 |       ||     1
  Eat: Chunk             |     2 |       ||     2
       Pizza             |       |     1 ||     1
